 Dungeon Sprint DCSS version 0.17-a0-1718-g72dbe4d (webtiles) character file.

1100000 ztt the Severer (level 13, -42/119 HPs)
             Began as a Ghoul Gladiator on Aug 25, 2015.
             Was an Initiate of Makhleb.
             Annihilated by a meat berserker
             ... wielding a +9 battleaxe
              (49 damage)
             ... in the Dungeon (Sprint VIII: "Arena of Blood").
             The game lasted 00:00:15 (11 turns).

ztt the Severer (Ghoul Gladiator)                     Turns: 11, Time: 00:00:16

Health: -42/119    AC:  4    Str: 24    XL:     13   Next: 28%
Magic:  12/12      EV: 19    Int:  3    God:    Makhleb [......]
Gold:   0          SH:  0    Dex:  9    Spells: 0 memorised, 12 levels left

rFire  . . .     SeeInvis .     l - +∞ Axe of Woe
rCold  + . .     Clarity  .     b - +0 leather armour
rNeg   + + +     SustAt   .     (no shield)
rPois  ∞         Gourm    .     c - +0 helmet
rElec  .         Spirit   .     (no cloak)
rCorr  .         Warding  .     (no gloves)
rMut   .         NoTele   +     (no boots)
MR     .....                    (no amulet)
Stlth  +.........               (no ring)
                                (no ring)

@: rotting, not resistant to hostile enchantments, very unstealthy
A: rotting body, claws 1, carnivore 3, cold resistance 1, negative energy
resistance 3, slow healing 1, torment resistance, unbreathing
a: Renounce Religion


You were in the Dungeon.
You worshipped Makhleb.
Makhleb was noncommittal.
You were not hungry.

You visited 1 branch

Inventory:

Hand weapons
 a - a +0 war axe
 l - the +∞ Axe of Woe (weapon)
   (You found it in the Dungeon)
Missiles
 d - 3 throwing nets (quivered)
Armour
 b - a +0 leather armour (worn)
 c - a +0 helmet (worn)
Scrolls
 k - a scroll of blinking
Potions
 f - a potion of curing
 g - a potion of heal wounds
 h - a potion of haste
 i - 2 potions of magic
 j - a potion of berserk rage
Comestibles
 e - a meat ration


   Skills:
 + Level 12.8 Fighting
 + Level 19.1 Axes
 + Level 10.5 Throwing
 + Level 18.9 Dodging


You had 12 spell levels left.
You didn't know any spells.

Dungeon Overview and Level Annotations

Branches:
Dungeon (1/1)

Altars:
Makhleb


Innate Abilities, Weirdness & Mutations

Your body is rotting away.
You thrive on raw meat.
You are immune to poison.
You have sharp fingernails.
You are carnivorous and can eat meat at any time.
Your flesh is cold resistant.
You are immune to negative energy.
You heal slowly when monsters are visible.
You are immune to unholy pain and torment.
You can survive without breathing.


Message History

You have reached level 8!
You have reached level 9!
Your experience leads to an increase in your attributes!
Increase (S)trength, (I)ntelligence, or (D)exterity?
You feel stronger.
You have reached level 10!
You feel stronger.
You have reached level 11!
You have reached level 12!
Your experience leads to an increase in your attributes!
Increase (S)trength, (I)ntelligence, or (D)exterity?
You feel stronger.
You have reached level 13!
You hear a shout! x12
The bag of meat hits you with a +9 war axe!!!
* * * LOW HITPOINT WARNING * * *
The bag of meat completely misses you.
You hear a shout! x2
The meat berserker hits you with a +9 battleaxe!!!
You die...

......###........
......._.........
.... #.....# .....
.....#_.<._#......
.....#.....#o.....
........_.........
......o###.o.o....
..###..)....###...
#...@O..#
#...oo..#
.......o.......
..........o.o..
..............#
.....oo.....##..
..#.Oo.....#. o.
o....o.....#..


You could see 2 meat berserkers and 14 bags of meat.

Vanquished Creatures
  An ogre (D)
1 creature vanquished.

Notes
Turn   | Place    | Note
--------------------------------------------------------------
     0 | D        | ztt the Ghoul Gladiator began the quest for the Orb.
     0 | D        | Reached XP level 1. HP: 17/17 MP: 0/0
     4 | D        | Became a worshipper of Makhleb the Destroyer
     6 | D        | Noticed a meat berserker
     7 | D        | Noticed a bag of meat
     7 | D        | Noticed a meat berserker
     8 | D        | Noticed a bag of meat
     8 | D        | Noticed a bag of meat
     8 | D        | Noticed a bag of meat
     9 | D        | Noticed a bag of meat
     9 | D        | Noticed a bag of meat
    10 | D        | Noticed a bag of meat
    10 | D        | Noticed a bag of meat
    10 | D        | Noticed a bag of meat
    11 | D        | Noticed a bag of meat
    11 | D        | Noticed a bag of meat
    11 | D        | Noticed a bag of meat
    11 | D        | Killed a meat berserker
    11 | D        | Reached skill level 12 in Fighting
    11 | D        | Reached skill level 19 in Axes
    11 | D        | Reached skill level 10 in Throwing
    11 | D        | Reached XP level 2. HP: 20/42 MP: 1/1
    11 | D        | Reached XP level 3. HP: 23/49 MP: 2/2
    11 | D        | Reached XP level 4. HP: 26/57 MP: 3/3
    11 | D        | Reached XP level 5. HP: 28/63 MP: 4/4
    11 | D        | Reached XP level 6. HP: 31/71 MP: 5/5
    11 | D        | Reached XP level 7. HP: 34/78 MP: 6/6
    11 | D        | Reached XP level 8. HP: 37/85 MP: 7/7
    11 | D        | Reached XP level 9. HP: 40/92 MP: 8/8
    11 | D        | Reached XP level 10. HP: 43/100 MP: 9/9
    11 | D        | Reached XP level 11. HP: 45/106 MP: 10/10
    11 | D        | Reached XP level 12. HP: 47/113 MP: 11/11
    11 | D        | Reached XP level 13. HP: 49/119 MP: 12/12
    11 | D        | Annihilated by a meat berserker

Vault maps used:
D:        meatsprint

Action                   |  1- 3 |  4- 6 |  7- 9 | 10-12 | 13-15 || total
-------------------------+-------+-------+-------+-------+-------++-------
Melee: Executioner's axe |     1 |       |       |       |       ||     1
